 Seeded DCSS version 0.28-a0-909-g796cbd3a86 (webtiles) character file.

Game seed: 20211125 (custom seed)

130 a11behringer the Gusty (level 4, 0/33 HPs)
             Began as a Demigod Air Elementalist on Nov 25, 2021.
             Killed by divine providence
             ... invoked by an orc priest
              (9 damage)
             ... on level 3 of the Dungeon.
             The game lasted 00:15:50 (2815 turns).

a11behringer the Gusty (Demigod Air Elementalist)   Turns: 2815, Time: 00:15:50

Health: 0/33       AC:  2    Str:  9    XL:     4   Next: 59%
Magic:  4/11       EV: 12    Int: 21    God:
Gold:   107        SH:  0    Dex: 14    Spells: 3/9 levels left

rFire   . . .      SeeInvis .   i - +0 whip
rCold   . . .      Faith    .   (no shield)
rNeg    . . .      Spirit   .   a - +0 robe
rPois   .          Reflect  .   (no helmet)
rElec   .          Harm     .   (no cloak)
rCorr   .          Rampage  .   (no gloves)
Will    .....                   (no boots)
Stlth   ++........              (no amulet)
HPRegen 0.11/turn               (no ring)
MPRegen 0.12/turn               (no ring)

@: very slightly contaminated
A: high mp 1, forlorn
a: no special abilities


You were on level 3 of the Dungeon.
You visited 1 branch of the dungeon, and saw 3 of its levels.

You collected 107 gold pieces.

Inventory:

Hand Weapons
 d - a +0 dagger
 i - a +0 whip (weapon)
Armour
 a - a +0 robe (worn)
Jewellery
 b - an amulet of guardian spirit
Scrolls
 f - a scroll of magic mapping {unknown}
 h - 2 scrolls of immolation {unknown}
Potions
 c - a potion of heal wounds {unknown}
 e - 2 potions of flight {unknown}
 g - a potion of attraction {unknown}


   Skills:
 + Level 2.0 Dodging
 + Level 2.1 Stealth
 + Level 3.2 Spellcasting
 + Level 1.9 Conjurations
 + Level 3.3 Air Magic


You had 3 spell levels left.
You knew the following spells:

 Your Spells              Type           Power      Damage    Failure   Level
a - Shock                 Conj/Air       56%        1d6       4%          1
b - Swiftness             Air            17%        N/A       10%         3
c - Static Discharge      Conj/Air       14%        N/A       7%          2

Your spell library contained the following spells:

 Spells                   Type           Power      Damage    Failure   Level
 Magic Dart               Conj           44%        1d5       6%          1
 Searing Ray              Conj           22%        2d5       9%          2
 Blink                    Tloc           6%         N/A       21%         2
 Passwall                 Tmut/Erth      2%         N/A       21%         2
 Lesser Beckoning         Tloc           3%         N/A       36%         3
 Airstrike                Air            8%         N/A       32%         4
 Fulminant Prism          Conj/Hex       3%         3d6       65%         4
 Lightning Bolt           Conj/Air       7%         1d19      77%         5
 Manifold Assault         Tloc           3%         N/A       98%         5
 Maxwell's Capacitive Co  Air            8%         ∞         100%        8


Dungeon Overview and Level Annotations

Branches:
Dungeon (3/15)

Annotations:
D:3 Terence


Innate Abilities, Weirdness & Mutations

Your attributes grow dramatically as you level up.
You have an increased reservoir of magic. (+10% MP)
You shall have no god before yourself.


Message History

Press: ? - help, Shift-Dir - straight line, f - orc priest
Aim: an orc priest, wielding a +0 whip (wandering, hasn't noticed you, 71% to hit)
The zap hits the orc priest.
The orc priest is lightly wounded.
Casting: Shock (safe; 4% risk of failure)
Confirm with . or Enter, or press ? or * to list all spells.
Aiming: Shock (safe; 4% risk of failure)
Press: ? - help, Shift-Dir - straight line, f/p - orc priest
Aim: an orc priest, wielding a +0 whip (lightly wounded, 71% to hit)
The zap hits the orc priest.
The orc priest is moderately wounded.
The orc priest calls down the wrath of Beogh upon you.
You barely resist.
The orc shouts!
The orc priest mumbles some strange prayers to Beogh against you.
Beogh smites you!
Casting: Shock (safe; 4% risk of failure)
Confirm with . or Enter, or press ? or * to list all spells.
You miscast Static Discharge.
You are very lightly contaminated with residual magic.
Nothing appears to happen.
The orc priest hits you with a +0 whip.
Casting: Static Discharge (safe; 7% risk of failure)
Confirm with . or Enter, or press ? or * to list all spells.
You miscast Static Discharge.
Nothing appears to happen.
The orc priest mumbles some strange prayers to Beogh against you.
Pain shoots through your body!
Casting: Static Discharge (safe; 7% risk of failure)
Confirm with . or Enter, or press ? or * to list all spells.
You don't know that spell.
Casting: Static Discharge (safe; 7% risk of failure)
Confirm with . or Enter, or press ? or * to list all spells.
The orc priest is struck by an arc of lightning!
The orc priest is severely wounded.
The lightning grounds out.
The orc priest hits you with a +0 whip.
* * * LOW HITPOINT WARNING * * *
Things that are here:
a +0 ring mail; a +0 short sword The orc priest calls down the wrath of Beogh upon you.
Beogh smites you!
You die...

....###.#.##.#.##.##.#
#.#.#####.#.##.#.##.##.##
#.#.#...)(.....#....##..#
#.#.#..........########.#########
#........#.......................
#..(..)....###.########.......###
#.....###..##.o...............##.
..............o[................>
#.##.......##..#@<#.#....#####.##
#....####.#....#..#.#....# #.#
#########.#.#.##..#.#....#####.##
..........#.#.##..#.#............
###########.#.##..#.#..##.####..#
#.#.##..#....)...###..#
#.#.##..#..............
#.#.#####...####.###..# #.#.#
#...#.........#


You could see an orc priest and an orc.

Vanquished Creatures
  An orc priest (D:3)
  Natasha (D:3)
  3 adders
  A dart slug (D:3)
  2 orcs (D:3)
  2 ball pythons (D:3)
  4 endoplasms (D:1)
  2 giant cockroaches
  8 goblins
  3 hobgoblins (D:1)
  2 jackals (D:1)
  3 quokkas (D:1)
  4 bats
  2 frilled lizards (D:1)
  2 kobolds
  7 rats
47 creatures vanquished.

Notes
Turn   | Place    | Note
-------+----------+-------------------------------------------
     0 | D:1      | a11behringer the Demigod Air Elementalist began the quest
                  | for the Orb.
     0 | D:1      | Reached XP level 1. HP: 14/14 MP: 5/5
   358 | D:1      | Reached XP level 2. HP: 20/20 MP: 0/7
   805 | D:1      | Reached skill level 1 in Conjurations
  1321 | D:2      | Reached XP level 3. HP: 26/26 MP: 2/9
  1987 | D:3      | Noticed Terence
  2085 | D:2      | Learned a level 3 spell: Swiftness
  2088 | D:2      | Learned a level 2 spell: Static Discharge
  2229 | D:3      | Noticed Natasha
  2231 | D:3      | Killed Natasha
  2232 | D:3      | Reached XP level 4. HP: 33/33 MP: 7/10
  2815 | D:3      | Killed from afar by an orc priest

Illustrated notes

Levels and vault maps discovered:
D:1:      scummos_arrival_simple_crosswalls, layout_basic
D:2:      layout_basic, kennysheep_generic_room_14
D:3:      layout_basic, uniq_terence, uniq_crazy_yiuf_cottage, uniq_natasha

Skill      XL: |  1  2  3  4 |
---------------+-------------+-----
Stealth        | 2 |  2.1
Air Magic      | 3 |  3.3
Spellcasting   | 2 3 |  3.2
Dodging        | 2 |  2.0
Conjurations   | 1 |  1.9

Action                   |  1- 3 |  4- 6 || total
-------------------------+-------+-------++-------
Melee: Unarmed           |     7 |       ||     7
 Cast: Shock             |    94 |    14 ||   108
       Static Discharge  |     1 |     6 ||     7
       Swiftness         |       |     1 ||     1
  Use: Scroll            |     2 |       ||     2
Armor: Robe              |     3 |       ||     3
Dodge: Dodged            |    19 |     4 ||    23

Table legend: (Time is in decaauts)
 A = Elapsed time spent in this place.
 B = Non-inter-level travel time spent in this place.
 C = Inter-level travel time spent in this place.
 D = Time resting spent in this place.
 E = Time spent auto-exploring this place.
 F = Levels seen in this place.
 G = Mean time per level.
                   A        B        C        D        E       F      G
               +--------+--------+--------+--------+--------+-----+--------+
         Total |   2815 |   2542 |    273 |      0 |   2134 |   3 |  938.3 |
       Dungeon |   2815 |   2542 |    273 |      0 |   2134 |   3 |  938.3 |
               +--------+--------+--------+--------+--------+-----+--------+

Top non-repeatable levels by time:
     D:1: 1281 daAuts
     D:2: 949 daAuts
     D:3: 584 daAuts
